[Event "Early-Titled-Tuesday-Blitz-August-29-2023"]
[Site "Chess.com"]
[Date "2023.08.29"]
[Round "9"]
[White "bazar-wokzal"]
[Black "Witik"]
[Result "0-1"]
[WhiteElo "2598"]
[BlackElo "2787"]
[TimeControl "180+1"]
[EndTime "9:43:50 PDT"]
[Termination "Witik won by resignation"]

1. e4 e5 2. Bc4 Nf6 3. d3 Nc6 4. Nf3 Bc5 5. Bg5 h6 6. Bh4 d6 7. Nc3 g5 8. Bg3 Nh5 9. Nd5 Bg4 10. c3 a6 11. b4 Ba7 12. h3 Nxg3 13. fxg3 Be6 14. g4 Kf8 15. Qe2 Kg7 16. Nd2 a5 17. b5 Ne7 18. Nf1 Ng6 19. Ng3 c6 20. Nh5+ Kf8 21. bxc6 bxc6 22. Ne3 d5 23. Bb3 a4 24.
Bc2 Qa5 25. Nd1 dxe4 26. dxe4 Rd8 27. Rf1 Nf4 28. Nxf4 gxf4 29. Rf3 Qc5 30. Nf2 Kg7 31.
Bxa4 Bc4 32. Qc2 Rd6 33. Rd1 Rhd8 34. Rxd6 Rxd6 35. Bb3 Ba6 36. c4 Qd4 37. Rd3 Qxf2+ 38. Qxf2 Bxf2+ 39. Ke2 Rxd3 40. Kxd3 Bc5 41. Ba4 Bb7 42.
Kc3 Kf6 43. Bc2 Kg5 44. a4 Kh4 45. Bd1 Kg3 46. Bf3 Ba6 47. Kb3 f6 48. Kc3 Be7 49.
Kb3 c5 50. Kc3 Bd8 51. Kd3 Ba5 0-1

[Event "Early-Titled-Tuesday-Blitz-August-29-2023"]
[Site "Chess.com"]
[Date "2023.08.29"]
[Round "9"]
[White "ljuks68"]
[Black "IljaZaragatski"]
[Result "1-0"]
[WhiteElo "2464"]
[BlackElo "2593"]
[TimeControl "180+1"]
[EndTime "9:43:51 PDT"]
[Termination "ljuks68 won by resignation"]

1. e4 e6 2. d4 d5 3. Nc3 Nc6 4. Nf3 Nf6 5. Bd3 Nb4 6. e5 Nd7 7. Bg5 Be7 8. Bxe7 Qxe7 9. Be2 c5 10. Nb5 O-O 11. c3 Nc6 12. O-O a6 13. Na3 f6 14.
exf6 Nxf6 15. Re1 Bd7 16. Nc2 Be8 17. c4 cxd4 18. cxd5 exd5 19. Ncxd4 Qb4 20. Qb3 Qxb3 21. Nxb3 Bh5 22. Nfd4 Bxe2 23. Rxe2 Rfe8 24. Rae1 Rxe2 25. Rxe2 Kf7 26. f3 Nxd4 27. Nxd4 Rc8 28. Kf2 Rc4 29. Ke3 Nd7 30. Rc2 Rxc2 31. Nxc2 Ke6 32. Nd4+ Ke5 33. f4+ Kf6 34. g4 h6 35. h4 Nc5 36. g5+ Kf7 37. f5 hxg5 38. hxg5 Ne4 39. Kf4 Nd2 40. a4 Nc4 41. b3 Nd2 42. Ke5 Ne4 43. g6+ Ke7 44. Kxd5 Ng3 45. Ke5 Nh5 46. Ne6 a5 47.
Nd4 Nf6 48. Ne6 Nd7+ 49. Kd5 Kf6 50. Ke4 b6 51. Kf4 Nb8 52. Nc7 Ke7 53. Nd5+ Kd6 54. f6 gxf6 55. g7 1-0

[Event "Early-Titled-Tuesday-Blitz-August-29-2023"]
[Site "Chess.com"]
[Date "2023.08.29"]
[Round "9"]
[White "Jospem"]
[Black "Angry_Twin"]
[Result "1-0"]
[WhiteElo "3062"]
[BlackElo "2955"]
[TimeControl "180+1"]
[EndTime "9:43:52 PDT"]
[Termination "Jospem won on time"]

1. e4 c5 2. Nf3 d6 3. c3 Nf6 4. h3 Nc6 5. Bd3 e6 6. Bc2 d5 7. e5 Nd7 8. d4 f6 9. exf6 Nxf6 10. O-O Bd6 11. Be3 cxd4 12. cxd4 O-O 13. Nc3 Bd7 14.
Ba4 h6 15. Re1 Be8 16. Bxc6 bxc6 17. Ne5 c5 18. Nd3 c4 19. Nf4 Bf7 20. Qc2 Re8 21. Rad1 Rb8 22. Bc1 Qc7 23. Ng6 Ne4 24. Ne5 Bxe5 25.
dxe5 Nc5 26. Re3 Nd3 27. Rg3 Kh8 28. f4 Bh5 29. Rdxd3 cxd3 30. Qxd3 Qf7 31. Kh2 Rec8 32. b3 Rb4 33. Bd2 Rxf4 34. Bxf4 Qxf4 35. Nb5 Qxe5 36.
Qe3 Qxe3 37. Rxe3 Bf7 38. Nd6 Rc7 39. Nxf7+ Rxf7 40. Rxe6 Rd7 41. Kg3 d4 42. Re2 Kg8 43.
Kf4 Kf7 44. Rd2 Rc7 45. Ke4 Rc3 46. Kxd4 Rg3 47. Kc4 Kg6 48. Kb5 Kh5 49. Ka6 Rg6+ 50. Kxa7 Kh4 51. b4 Kg3 52. b5 1-0

[Event "Early-Titled-Tuesday-Blitz-August-29-2023"]
[Site "Chess.com"]
[Date "2023.08.29"]
[Round "9"]
[White "Dmitry_Konenkin"]
[Black "cycygogne"]
[Result "1-0"]
[WhiteElo "2397"]
[BlackElo "2242"]
[TimeControl "180+1"]
[EndTime "9:43:55 PDT"]
[Termination "Dmitry_Konenkin won by checkmate"]

1. d4 Nf6 2. Bg5 Ne4 3. Bh4 g5 4. f3 gxh4 5. fxe4 e5 6. Nf3 Bg7 7. e3 d5 8. exd5 e4 9. Ne5 Qg5 10. Qe2 f6 11. Nc4 Bg4 12. Qf2 O-O 13. Nc3 f5 14. Be2 Nd7 15. O-O-O Nb6 16. Ne5 Rad8 17. h3 Bxe2 18. Qxe2 Nxd5 19. Nxd5 Rxd5 20. Rhf1 c6 21. c4 Ra5 22. Kb1 Bxe5 23. dxe5 Rxe5 24. Rd7 Re7 25. Rfd1 Rfe8 26. Qd2 Qf6 27. Rd6 Re6 28.
c5 b6 29. Qb4 bxc5 30. Qxc5 Rb8 31. b3 Rxd6 32. Rxd6 Qf8 33. Qc4+ Kh8 34. Rxc6 Rd8 35. Qc3+ Kg8 36. Rc7 Rd1+ 37. Kb2 Rd8 38. Qe5 a6 39.
Qe6+ Kh8 40. Qe5+ Kg8 41. a4 Re8 42. Qd5+ Kh8 43. Qd4+ Kg8 44. Qc4+ Kh8 45. Qxa6 Rd8 46. Qc4 Qf6+ 47. Ka3 Qa1+ 48. Kb4 Qe1+ 49. Kb5 Rb8+ 50.
Kc6 Qa5 51. Qd4+ Kg8 52. Qg7# 1-0

[Event "Early-Titled-Tuesday-Blitz-August-29-2023"]
[Site "Chess.com"]
[Date "2023.08.29"]
[Round "9"]
[White "lefonghua"]
[Black "Orest_Vovk"]
[Result "0-1"]
[WhiteElo "2670"]
[BlackElo "2578"]
[TimeControl "180+1"]
[EndTime "9:43:56 PDT"]
[Termination "Orest_Vovk won by resignation"]

1. d4 g6 2. c4 Nf6 3. Nc3 Bg7 4. e4 d6 5. f4 O-O 6. Nf3 a5 7. Be2 Na6 8. O-O c6 9. e5 Nd7 10. Be3 dxe5 11. dxe5 Ndc5 12. Qxd8 Rxd8 13. Rad1 Bf5 14. Nd4 Bd7 15. Bf3 Ne6 16. Nb3 Be8 17. Rxd8 Nxd8 18.
Nxa5 Nb4 19. Bb6 Ne6 20. a3 Nd3 21. b4 Ndxf4 22. Rd1 Bxe5 23. Ne4 f5 24. Nf2 Ng5 25. Rd8 Nxf3+ 26. gxf3 Rxd8 27. Bxd8 b5 28. c5 Bb2 29. Bxe7 Bxa3 30. Bd6 Nd5 31. Nd3 Bxb4 32. Nb7 Bc3 33. Kf2 b4 34. Na5 Kf7 35. Ke2 Ke6 36. Nb3 g5 37.
Nf2 Bh5 38. h3 Nf4+ 39. Bxf4 gxf4 40. Nd3 Be5 41. Na5 Be8 42. Nc4 Bc3 43. Nxf4+ Kf6 44. Kd3 Be1 45. Ng2 Bf2 46. Nd6 Bf7 47. Nb7 b3 48. Kc3 Bd5 49. Nf4 Bxf3 50. Nd3 Be3 51.
Kxb3 Bg2 52. h4 f4 53. Nd6 f3 54. Ne4+ Kf5 55. Nef2 Bxf2 56. Nxf2 Kf4 57. Kc3 Ke3 58. Ng4+ Ke2 59. Kd4 f2 60. Nxf2 Kxf2 61. Ke5 Kg3 62.
Kd6 Kxh4 0-1

[Event "Early-Titled-Tuesday-Blitz-August-29-2023"]
[Site "Chess.com"]
[Date "2023.08.29"]
[Round "9"]
[White "Rosh1610"]
[Black "Semetey"]
[Result "1-0"]
[WhiteElo "2457"]
[BlackElo "2587"]
[TimeControl "180+1"]
[EndTime "9:43:56 PDT"]
[Termination "Rosh1610 won on time"]

1. e4 e5 2. Nf3 Nc6 3. Bb5 a6 4. Ba4 Nf6 5. O-O Be7 6. Re1 b5 7. Bb3 O-O 8. c3 d6 9. h3 Nb8 10. d4 Nbd7 11. Nh4 Nxe4 12. Nf5 Ndf6 13. Nxe7+ Qxe7 14. Rxe4 Nxe4 15. Bd5 Bf5 16. Qf3 Nf6 17.
Bxa8 Bxb1 18. Rxb1 e4 19. Bxe4 Nxe4 20. Bf4 f5 21. Re1 Qf7 22. b3 Re8 23. Qd3 g5 24. Bc1 h6 25. h4 d5 26. hxg5 hxg5 27. f3 Nd6 28. Rxe8+ Qxe8 29. Bxg5 Kf7 30. Kf2 Kg6 31. Bf4 Qe7 32. g4 Qh4+ 33. Bg3 Qg5 34. Bxd6 cxd6 35. Qxf5+ Qxf5 36. gxf5+ Kxf5 37. Kg3 Kg5 38. f4+ Kh5 39. Kf3 Kh4 40. a3 a5 41. a4 bxa4 42. bxa4 Kh5 43. Kg3 Kg6 44. Kg4 Kf6 45. f5 Kf7 46. Kg5 Kg7 47. f6+ Kf7 48. Kf5 Kf8 49. Ke6 Ke8 50. Kxd6 1-0

[Event "Early-Titled-Tuesday-Blitz-August-29-2023"]
[Site "Chess.com"]
[Date "2023.08.29"]
[Round "9"]
[White "IngOscarArdila"]
[Black "Mr_November18"]
[Result "0-1"]
[WhiteElo "2299"]
[BlackElo "1938"]
[TimeControl "180+1"]
[EndTime "9:43:56 PDT"]
[Termination "Mr_November18 won by checkmate"]

1. d4 Nf6 2. c4 g6 3. Nc3 Bg7 4. Nf3 d6 5. e3 O-O 6. Be2 Nc6 7. O-O Re8 8. Qc2 e5 9. dxe5 dxe5 10. Rd1 Qe7 11.
Nd5 Nxd5 12. cxd5 Nb4 13. Qc4 a5 14. a3 b5 15. Qb3 e4 16. Nd4 Nd3 17. Bxd3 exd3 18.
Rxd3 Ba6 19. Nc6 Qe4 20. Rd1 b4 21. f3 Qh4 22. e4 Bb5 23. Be3 Bxc6 24. dxc6 bxa3 25.
Rxa3 Reb8 26. Qd5 Rd8 27. Qb3 Rdb8 28. Qc4 Rxb2 29. Rad3 h5 30. Rd7 Rf8 31. R7d2 Rxd2 32. Rxd2 Qe1+ 33. Qf1 Qxe3+ 34. Qf2 Qxf2+ 35. Kxf2 Bf6 36. Rd5 Rd8 37. Rxa5 Rd2+ 38. Kf1 Bd4 39. Ra8+ Kg7 40.
Rc8 Bb6 41. e5 Rf2+ 42. Ke1 Rxg2 43. Re8 Rxh2 44. Re7 Ra2 45. e6 Ra1+ 46. Ke2 Kf6 47. exf7 Kxe7 48. f4 Kxf7 49. f5 Kf6 50. Kf3 Kxf5 51.
Kg3 Rc1 52. Kh4 Rxc6 53. Kh3 Rc4 54. Kg2 Kf4 55. Kf1 Rc2 56. Ke1 Kf3 57. Kd1 Rg2 58. Kc1 Ke3 59. Kd1 Rh2 60. Kc1 Kd3 61. Kd1 Rh1# 0-1

[Event "Early-Titled-Tuesday-Blitz-August-29-2023"]
[Site "Chess.com"]
[Date "2023.08.29"]
[Round "9"]
[White "BillCoe"]
[Black "mistrzemi"]
[Result "1-0"]
[WhiteElo "2132"]
[BlackElo "2370"]
[TimeControl "180+1"]
[EndTime "9:43:56 PDT"]
[Termination "BillCoe won on time"]

1. e4 e6 2. d4 d5 3. Nd2 Nc6 4.
c3 Nf6 5. e5 Nd7 6. Bd3 f6 7. f4 Be7 8. Ne2 O-O 9. O-O b6 10.
Nf3 Bb7 11. Be3 f5 12. Qe1 Ncb8 13. g3 c5 14. h3 Nc6 15. Rf2 c4 16. Bc2 h6 17.
Rg2 Kh8 18. g4 g6 19. Qg3 Rg8 20. Kh2 Qf8 21. Rag1 Qf7 22. Qf2 Raf8 23. Rg3 Nd8 24. R1g2 b5 25. Qg1 a5 26. gxf5 gxf5 27. Rg6 Rxg6 28.
Rxg6 Qh7 29. Qg3 Rg8 30. Rxg8+ Qxg8 31. Bd1 Qxg3+ 32. Nxg3 Nf7 33. Nh5 Kh7 34. Be2 Nh8 35.
Bf2 Ng6 36. h4 b4 37. Kh3 bxc3 38. bxc3 a4 39. Bd1 Bc6 40. Be1 a3 41. Bd2 Bb5 42. Ng3 Bc6 43. h5 Ngf8 44. Bc1 Nb6 45. Nd2 Ba4 46.
Bf3 Bc2 47. Ne2 Na4 48. Nf1 Bd3 49. Nfg3 Bxe2 50. Nxe2 Nd7 51. Ng3 Ndb6 52. Bd1 Nxc3 53. Bf3 Nxa2 54. Bd1 1-0

[Event "Early-Titled-Tuesday-Blitz-August-29-2023"]
[Site "Chess.com"]
[Date "2023.08.29"]
[Round "9"]
[White "regular_legs"]
[Black "CrazyAdvenTures"]
[Result "0-1"]
[WhiteElo "2550"]
[BlackElo "2695"]
[TimeControl "180+1"]
[EndTime "9:43:58 PDT"]
[Termination "CrazyAdvenTures won on time"]

1. d4 Nf6 2. c4 c5 3. d5 e6 4. Nc3 exd5 5. cxd5 d6 6. e4 g6 7.
Nge2 Bg7 8. Ng3 h5 9. Be2 h4 10.
Nf1 a6 11. a4 Nbd7 12. Bg5 Qb6 13. Qd2 Qb4 14. f3 Nh5 15. a5 b5 16. Bxh4 Nf4 17. Bg3 Nxe2 18. Kxe2 c4 19. Ne3 Ne5 20. Rhb1 Nd3 21.
Nc2 Qc5 22. b4 Qa7 23. Ra3 Bd7 24. Qe3 Qc7 25. Ne1 Ne5 26. Kf1 O-O 27. Kg1 f5 28. h3 Rae8 29. Qd2 fxe4 30. Nxe4 Bf5 31. Nc2 Bxe4 32.
fxe4 Nd3 33. Qe2 Qd7 34. Kh2 Be5 35. Bxe5 Rxe5 36. Rf1 Rxf1 37. Qxf1 Rxe4 38. Qf6 Qf7 39. Qxd6 Re2 40. Nd4 Rxg2+ 41. Kxg2 Qf2+ 42. Kh1 Qf1+ 43. Kh2 Qf2+ 44. Kh1 Nf4 45. Qb8+ Kh7 46. Qc7+ Kh6 47. Nf5+ gxf5 48. Qd6+ Kh5 49. Qxf4 Qxf4 50. Rc3 Qd4 51.
Rg3 Qxd5+ 52. Kh2 Qe5 53. Kg2 Qxg3+ 54. Kxg3 c3 55. Kf3 c2 56. Ke2 c1=Q 57. Kd3 Qc4+ 0-1

[Event "Early-Titled-Tuesday-Blitz-August-29-2023"]
[Site "Chess.com"]
[Date "2023.08.29"]
[Round "9"]
[White "Carlitus2004"]
[Black "Preobrazhenska_D2011"]
[Result "0-1"]
[WhiteElo "2499"]
[BlackElo "2344"]
[TimeControl "180+1"]
[EndTime "9:43:59 PDT"]
[Termination "Preobrazhenska_D2011 won by checkmate"]

1. e4 c5 2. Nc3 a6 3. d4 cxd4 4.
Qxd4 Nc6 5. Qd3 Nf6 6. Nf3 d6 7.
Bg5 h6 8. Bxf6 exf6 9. O-O-O Be6 10. Kb1 Qa5 11. Be2 Nb4 12. Qd4 Bxa2+ 13. Nxa2 Qxa2+ 14. Kc1 Qa4 15. b3 Qa3+ 16. Qb2 Qa5 17. Kb1 Rc8 18.
c3 Nc6 19. Rd5 Qb6 20. Nd4 Ne7 21. Rh5 g6 22. Rh3 Bg7 23. Bc4 O-O 24. Rg3 Qc7 25.
h4 b5 26. Bd5 f5 27. h5 f4 28. Rd3 Nxd5 29. exd5 Qd7 30. hxg6 fxg6 31. Ne6 Rf5 32.
Rhh3 g5 33. Rh1 Re5 34. Rhd1 Re8 35. Qc2 Bf6 36. R3d2 Qf7 37. Kb2 b4 38. Kb1 bxc3 39. Qxc3 Re3 40. Qc4 Rc3 41. Qb4 Rec8 42. Rd3 a5 43. Qxa5 Rxb3+ 44. Rxb3 Qg6+ 45. Rbd3 Qe4 46. Qb5 Qe2 47. Qb3 Qe4 48. Rc1 Ra8 49. Rc2 Ra1# 0-1

[Event "Early-Titled-Tuesday-Blitz-August-29-2023"]
[Site "Chess.com"]
[Date "2023.08.29"]
[Round "9"]
[White "Balla_Tamas"]
[Black "enriquebutti"]
[Result "0-1"]
[WhiteElo "2424"]
[BlackElo "2273"]
[TimeControl "180+1"]
[EndTime "9:43:59 PDT"]
[Termination "enriquebutti won on time"]

1. e4 c5 2. c3 e6 3. d4 d5 4. exd5 exd5 5. Nf3 Nc6 6. Bb5 Bd6 7. dxc5 Bxc5 8. O-O Ne7 9. Nbd2 O-O 10. Nb3 Bb6 11.
h3 Nf5 12. Bf4 Be6 13. Bd3 Nh4 14. Bg3 Nxf3+ 15. Qxf3 a5 16. Rad1 a4 17. Nd4 Bxd4 18. cxd4 Qb6 19. Qh5 g6 20. Qh6 Qxb2 21. Bb1 Qb4 22.
Rfe1 Rfe8 23. Bh4 Qf8 24. Qf4 f5 25. Re3 Bd7 26. Rde1 Rxe3 27. Rxe3 Re8 28. Rxe8 Qxe8 29. Bd3 Qe6 30. Qc7 Bc8 31. Bg5 Qd7 32. Qf4 Nd8 33.
Bh6 Ne6 34. Qe5 Qc7 35. Qf6 Qf7 36. Qh4 f4 37. Bb5 Bd7 38. Bxd7 Qxd7 39. Qf6 Qf7 40. Qe5 Qe7 41. Qxd5 Kf7 42. Qe5 Qf6 43. Qb8 Qxd4 44. Qxb7+ Kf6 45. Qb1 Qd2 46. Qb7 Qe2 47. Qxh7 Qe1+ 48.
Kh2 Qxf2 49. Qh8+ Kf5 50. h4 f3 0-1

[Event "Early-Titled-Tuesday-Blitz-August-29-2023"]
[Site "Chess.com"]
[Date "2023.08.29"]
[Round "9"]
[White "NovozhilovSemen"]
[Black "temiksmozg"]
[Result "1/2-1/2"]
[WhiteElo "2531"]
[BlackElo "2648"]
[TimeControl "180+1"]
[EndTime "9:44:00 PDT"]
[Termination "Game drawn by stalemate"]

1. d4 Nf6 2. Nf3 e6 3. e3 b6 4. Bd3 Bb7 5. O-O Be7 6. b3 O-O 7. Bb2 Ne4 8. c4 d6 9. Nbd2 f5 10. Ne1 Nd7 11. f3 Nxd2 12. Qxd2 Bf6 13. e4 fxe4 14.
fxe4 c5 15. Nf3 Qc7 16. d5 exd5 17. cxd5 Rae8 18. Rae1 Bc8 19. Bb5 Re7 20. Ng5 Ne5 21.
Rf2 a6 22. Be2 b5 23. Ref1 c4 24. Ne6 Bxe6 25. dxe6 cxb3 26. axb3 Rxe6 27. Qd5 Qf7 28. g4 h6 29. h4 Re7 30. g5 Qxd5 31. exd5 hxg5 32.
hxg5 Ref7 33. gxf6 gxf6 34. Rg2+ Rg7 35. Rxg7+ Kxg7 36. Bxe5 dxe5 37. Bg4 Rd8 38. Be6 a5 39. Ra1 Ra8 40. d6 Kf8 41. Kf2 Ra6 42. Rd1 Ke8 43. Ke3 a4 44. bxa4 bxa4 45. Ke4 a3 46. Kd5 a2 47.
Ra1 Kd8 48. Kc5 e4 49. Bc4 Ra5+ 50. Kc6 Ra4 51. Bb5 Ra3 52. Bc4 Rc3 53. Kd5 Rc2 54.
Bxa2 Rd2+ 55. Ke6 e3 56. Rh1 Kc8 57. Bc4 e2 58. Re1 Rd4 59. Ba6+ Kd8 60. Rxe2 f5 61. Ke5 Ra4 62. Bc4 Rxc4 63. Kxf5 Rd4 64. Ke5 Rd1 65. Ke6 Rd3 66. Re5 Rd1 67. Ra5 Re1+ 68. Kf7 Rf1+ 69.
Ke6 Re1+ 70. Kd5 Rd1+ 71. Kc6 Rc1+ 72. Rc5 Rxc5+ 73. Kxc5 Kd7 74. Kd5 Kd8 75. Kc6 Kc8 76. Kc5 Kd7 77. Kd5 Kd8 78. Ke4 Kd7 79. Ke5 Kd8 80.
Kd5 Kd7 81. Kc5 Kd8 82. Kc6 Kc8 83. d7+ Kd8 84. Kd6 1/2-1/2

[Event "Early-Titled-Tuesday-Blitz-August-29-2023"]
[Site "Chess.com"]
[Date "2023.08.29"]
[Round "9"]
[White "Jojo_898"]
[Black "nassimzrikem"]
[Result "0-1"]
[WhiteElo "2383"]
[BlackElo "2111"]
[TimeControl "180+1"]
[EndTime "9:44:00 PDT"]
[Termination "nassimzrikem won by resignation"]

1. e4 e5 2. Nf3 Nc6 3. Bc4 Nf6 4. O-O Nxe4 5. d4 exd4 6. Re1 d5 7. Bxd5 Qxd5 8. Nc3 Qd7 9. Nxe4 Be7 10. a3 O-O 11. Qd3 f5 12. Qc4+ Kh8 13. Neg5 Bf6 14. Bf4 h6 15. Ne6 Qf7 16. Qb3 Bxe6 17. Qxe6 Qxe6 18.
Rxe6 Kg8 19. Bxc7 Kf7 20. Rd6 Rac8 21. Rd7+ Ke6 22. Rd6+ Ke7 23. Re1+ Ne5 24. Nxe5 Rxc7 25. Rxd4 Rfc8 26. Rd2 Kf8 27. c3 Kg8 28. Nf3 g5 29. h3 g4 30. h4 gxf3 31. gxf3 Bxh4 32. Kg2 Bg5 33. Rde2 Kf7 34. Rd1 Re7 35. Rc2 Rce8 36. Rd4 Re2 37. Rxe2 Rxe2 38. f4 Be7 39. b3 Rc2 40. Rc4 Bxa3 41. Rc7+ Be7 42. Rxb7 Rxc3 43. Rxa7 Rxb3 44. Ra6 Rb4 45. Rxh6 Rxf4 46. Rh7+ Ke6 47. Rh6+ Ke5 48. Ra6 Bc5 49. Ra5 Rxf2+ 50. Kg3 Rc2 51.
Kf3 Rc3+ 52. Ke2 Ke4 53. Kd2 Bd4 54. Ra4 Rh3 55. Ra8 f4 56. Ke2 Rh2+ 57. Ke1 Kf3 58. Ra3+ Be3 0-1

[Event "Early-Titled-Tuesday-Blitz-August-29-2023"]
[Site "Chess.com"]
[Date "2023.08.29"]
[Round "9"]
[White "assezde36"]
[Black "santosalberto1987"]
[Result "1-0"]
[WhiteElo "2797"]
[BlackElo "2550"]
[TimeControl "180+1"]
[EndTime "9:44:01 PDT"]
[Termination "assezde36 won by resignation"]

1. e4 e6 2. d4 d5 3. Nd2 c5 4.
Ngf3 cxd4 5. Nxd4 Nf6 6. exd5 Nxd5 7. N2f3 Bb4+ 8. Bd2 O-O 9. c3 Be7 10. Bd3 a6 11. Qc2 h6 12. O-O-O b5 13. Kb1 Bb7 14. Rhe1 Nd7 15. g4 Rc8 16. Qc1 Nb4 17. Bf1 Bd5 18. a3 Nc6 19. Nxc6 Bxc6 20. Nd4 Bd5 21. Bf4 Bf6 22. Nf5 Nb6 23. Ne3 Bg5 24. Nxd5 Nxd5 25. Be3 Qf6 26. Bg2 Nxe3 27. fxe3 a5 28. Qd2 b4 29.
cxb4 axb4 30. Qxb4 Rb8 31. Qd4 Qe7 32. Qa4 Bf6 33.
Re2 Rb6 34. h3 Rfb8 35. Rdd2 Qc5 36. Rc2 Qd6 37. Red2 Qg3 38. Qe4 Qe1+ 39. Ka2 Qg3 40.
Qf4 Qe1 41. Qf2 Qxf2 42. Rxf2 Be5 43. b4 Ra6 44. Kb3 Rab6 45. Rc4 g6 46. Rfc2 Kg7 47. a4 Bd6 48. b5 f5 49. Rc6 Kf6 50. Rxb6 Rxb6 51.
Bc6 Ke7 52. a5 Rb8 53. a6 Bc7 54. a7 1-0

[Event "Early-Titled-Tuesday-Blitz-August-29-2023"]
[Site "Chess.com"]
[Date "2023.08.29"]
[Round "9"]
[White "MusicCityMaster"]
[Black "Goffredo_Fofi"]
[Result "1/2-1/2"]
[WhiteElo "2437"]
[BlackElo "2549"]
[TimeControl "180+1"]
[EndTime "9:44:01 PDT"]
[Termination "Game drawn - insufficient material"]

1. e4 g6 2. h4 d5 3. exd5 Qxd5 4. Nc3 Qa5 5. Bc4 Nf6 6. Qe2 Nc6 7. Bb5 Bg4 8. f3 Bd7 9. Nh3 O-O-O 10. d3 Nd5 11.
Bd2 Nxc3 12. Bxc6 Nxe2 13. Bxd7+ Rxd7 14. Bxa5 Ng3 15. Rg1 Bg7 16. Bc3 Bxc3+ 17. bxc3 e5 18. Ng5 f5 19. Kf2 Nh5 20. Rge1 h6 21. Ne6 Re8 22.
Rxe5 Rde7 23. Rae1 Nf4 24. Nxc7 Rxe5 25. Nxe8 Rxe1 26.
Kxe1 Nxg2+ 27. Kf2 Nxh4 28. Nd6+ Kc7 29. Nf7 Kd7 30.
f4 Ke7 31. Nxh6 g5 32. fxg5 Ke6 33. Kg3 Ng6 34. d4 Kd5 35. Nxf5 Kc4 36. Nh4 Ne7 37.
g6 Kxc3 38. d5 Nxd5 39. Nf5 Kxc2 40. g7 Nf6 41. Nd6 b6 42. Nb5 Kb2 43. Nxa7 Kxa2 44.
Nc8 b5 45. Nd6 b4 46. Kf4 b3 47.
Nc4 b2 48. Nxb2 Kxb2 49. Kf5 Ng8 50. Kg6 Kc3 51. Kf7 Nh6+ 52. Kg6 Ng8 53. Kh7 Nf6+ 54. Kh6 Kd4 55. Kg5 Ng8 56. Kf5 Kd5 57. Kg6 Ke6 58. Kh7 Nf6+ 59. Kh8 Kf7 60. g8=Q+ Nxg8 1/2-1/2

[Event "Early-Titled-Tuesday-Blitz-August-29-2023"]
[Site "Chess.com"]
[Date "2023.08.29"]
[Round "9"]
[White "juancruzarias"]
[Black "LUISMIGUELOV"]
[Result "1-0"]
[WhiteElo "2692"]
[BlackElo "2103"]
[TimeControl "180+1"]
[EndTime "9:44:02 PDT"]
[Termination "juancruzarias won by checkmate"]

1. e4 c6 2. Nf3 d5 3. Nc3 Nf6 4. d3 dxe4 5. Ng5 exd3 6. Bxd3 Bg4 7.
Nxf7 Bxd1 8. Nxd8 Bg4 9. Nxb7 Nbd7 10. Na5 Rc8 11. Be3 e5 12. O-O Bc5 13. Nb7 Be7 14. h3 Bh5 15. Na5 O-O 16. Bc4+ Kh8 17. Nb3 Nb6 18. Be6 Rcd8 19. Na5 Rd6 20. Bb3 Nbd5 21. Bc5 Rd7 22. Bxe7 Nxe7 23. f3 h6 24. Rad1 Rfd8 25. Rxd7 Rxd7 26. Rd1 Rxd1+ 27. Nxd1 e4 28. Kf2 exf3 29.
gxf3 Nfd5 30. Bxd5 cxd5 31. c3 Kg8 32. Nb3 Kf7 33.
Nd4 Kf6 34. Ne3 Ke5 35. Kg3 Bf7 36. Ng4+ Kd6 37. f4 a6 38. Ne5 Be8 39. b3 g5 40.
Ng4 gxf4+ 41. Kxf4 h5 42. Ne3 Nc6 43. Nxc6 Kxc6 44. Nf5 Kc5 45. Nd4 a5 46. a3 a4 47.
bxa4 Kc4 48. a5 Kc5 49. Ke5 Bd7 50. h4 Kc4 51. a6 Bc8 52. a7 Bb7 53. a4 Kxc3 54. a5 Kb4 55. a6 Ba8 56. Ne6 Ka5 57. Nc7 Bc6 58. Kd6 d4 59. Kxc6 d3 60. a8=Q d2 61.
Qb7 d1=Q 62. Qb5# 1-0

[Event "Early-Titled-Tuesday-Blitz-August-29-2023"]
[Site "Chess.com"]
[Date "2023.08.29"]
[Round "9"]
[White "Ducke13"]
[Black "cottage_cheese"]
[Result "1-0"]
[WhiteElo "2427"]
[BlackElo "2301"]
[TimeControl "180+1"]
[EndTime "9:44:04 PDT"]
[Termination "Ducke13 won on time"]

1. d4 Nf6 2. g3 d5 3. Nf3 g6 4.
Bg2 Bg7 5. c4 c6 6. cxd5 cxd5 7.
Nc3 O-O 8. Ne5 Nc6 9. Bg5 Ne4 10. Nxc6 bxc6 11. Nxe4 dxe4 12. Be3 Qa5+ 13. Qd2 Qxd2+ 14. Kxd2 Rd8 15. Rhd1 Bf5 16. Ke1 Rab8 17. Rd2 Rb4 18. Rad1 h5 19. h3 Rdb8 20. b3 Rd8 21. Bg5 Rbxd4 22.
Bxe7 Rxd2 23. Bxd8 Rxd1+ 24. Kxd1 Kf8 25. g4 hxg4 26.
hxg4 Bxg4 27. Bxe4 Bd7 28. Bg5 Bd4 29. e3 Bb6 30.
Bf6 Ke8 31. Kc2 Bf5 32. Bxf5 gxf5 33. Kd3 Kd7 34. Bd4 c5 35. Bg7 Kc6 36. Kc4 a6 37. Bf8 Ba7 38. Be7 Bb6 39. a3 Ba7 40. Bd8 Bb8 41. f3 Ba7 42. Bf6 Bb6 43. Bg5 Bc7 44. Bf4 Bd8 45. Be5 Be7 46. Bc3 Bf8 47. Bd2 Bh6 48. Kd3 Bg7 49. Ke2 Kd5 50. Kf2 Bb2 51.
a4 Be5 52. Kg2 Bd6 53. Kh3 Be7 54. Kg3 Ke6 55. Kf4 Bd6+ 56. Kg5 Be7+ 57. Kh6 Bf6 58. Kh7 Ke7 59. Kg8 Be5 60. Ba5 Bd6 61. Bb6 Ke6 62. Bd8 Bg3 63. Kf8 Bf2 64. Bg5 Bg1 65.
Ke8 f6 66. Bf4 Bf2 67. Kd8 1-0

[Event "Early-Titled-Tuesday-Blitz-August-29-2023"]
[Site "Chess.com"]
[Date "2023.08.29"]
[Round "9"]
[White "MathiasWomacka"]
[Black "Kubas1010"]
[Result "0-1"]
[WhiteElo "2471"]
[BlackElo "2650"]
[TimeControl "180+1"]
[EndTime "9:44:06 PDT"]
[Termination "Kubas1010 won on time"]

1. e4 d6 2. d4 Nf6 3. Nc3 e5 4. Nf3 Nbd7 5. Bc4 Be7 6. O-O O-O 7. Re1 c6 8. a4 a5 9. h3 h6 10.
Be3 Qc7 11. Ba2 Re8 12. Nh4 Nf8 13. Qf3 Be6 14. Nf5 Bxf5 15. Qxf5 Qc8 16. Qf3 Ne6 17.
dxe5 dxe5 18. Rad1 Ng5 19. Qe2 Bb4 20. Qc4 Qe6 21. Bxg5 Qxc4 22. Bxc4 hxg5 23. Re3 Bxc3 24. bxc3 Kf8 25. Rf3 Re7 26. Re1 Rd8 27. Rf5 Nh7 28.
Kh2 g6 29. Rf3 Kg7 30. Rd3 Red7 31. Rb1 Nf6 32. Rxb7 Rxb7 33. Rxd8 Nxe4 34. f3 Nxc3 35. Re8 Kf6 36. Ra8 Nxa4 37. Rxa5 Nb6 38. Bb3 Nd7 39. Ra6 Rb6 40. Ra7 Ke7 41. Bxf7 c5 42. Bxg6 Rxg6 43. Kg3 Rd6 44. Kg4 Rd2 45. g3 Rxc2 46. Kxg5 c4 47. h4 c3 48. h5 Rg2 49. g4 c2 50. Rc7 Kd6 51. Rc3 Nb6 52. h6 Nd5 53. Rc8 Nf4 54.
h7 Ne6+ 55. Kf6 Rh2 56. Rxc2 Rh6+ 0-1

[Event "Early-Titled-Tuesday-Blitz-August-29-2023"]
[Site "Chess.com"]
[Date "2023.08.29"]
[Round "9"]
[White "mapleaff"]
[Black "Maus7"]
[Result "1-0"]
[WhiteElo "2322"]
[BlackElo "2485"]
[TimeControl "180+1"]
[EndTime "9:44:10 PDT"]
[Termination "mapleaff won on time"]

1. d4 Nf6 2. Bf4 d5 3. Nf3 e6 4. e3 Bd6 5. Ne5 O-O 6. Nd2 c5 7. c3 c4 8. g4 Qc7 9. g5 Nfd7 10. Ndf3 Nxe5 11. Bxe5 Nc6 12. Bxd6 Qxd6 13. Rg1 b5 14. h4 b4 15. h5 bxc3 16. bxc3 e5 17. Nxe5 Nxe5 18. dxe5 Qxe5 19. Qd4 Qxd4 20. exd4 Rb8 21. h6 Bf5 22. Ke2 Rb2+ 23. Kf3 Be4+ 24. Kf4 Rxf2+ 25. Ke5 Rd8 26. Bh3 g6 27. Rgf1 Re8+ 28. Kd6 Rh2 29. Bd7 Rd8 30. Ke7 Rf8 31. Be6 Bf5 32. Bxf5 gxf5 33. Rxf5 Re2+ 34. Re5 Rxe5+ 35. dxe5 Rb8 36.
Rd1 Rb5 37. Kf6 Rb6+ 38. Kf5 Rb5 39. Kf6 Rb6+ 40. Kf5 Rb5 41. e6 fxe6+ 42. Kxe6 d4 43. Rxd4 Rb6+ 44. Kf5 Rb5+ 45. Kf4 Ra5 46. Rxc4 Rxa2 47.
Rc8+ Kf7 48. Rh8 Ra4+ 49. Kf3 Ra5 50. Rxh7+ Kg6 51. Rg7+ Kf5 52. h7 Ra3 53. h8=Q Rxc3+ 54. Ke2 Rc2+ 55. Kd3 Rc6 56. Rf7+ Kg4 57. Qd4+ 1-0

[Event "Early-Titled-Tuesday-Blitz-August-29-2023"]
[Site "Chess.com"]
[Date "2023.08.29"]
[Round "9"]
[White "DarZay"]
[Black "MdChess1734"]
[Result "0-1"]
[WhiteElo "2270"]
[BlackElo "2366"]
[TimeControl "180+1"]
[EndTime "9:44:12 PDT"]
[Termination "MdChess1734 won by resignation"]

1. e4 c6 2. d4 d5 3. Nc3 dxe4 4. Nxe4 Nf6 5. Nxf6+ exf6 6. c3 Bd6 7. Be3 O-O 8.
Bd3 Re8 9. Qc2 h5 10. O-O-O Nd7 11. Kb1 Nf8 12. Nf3 Be6 13. h3 b5 14. Rhg1 Bd5 15. Nd2 g6 16. g4 h4 17. Ne4 Be7 18. Bh6 Nh7 19. f4 Bf8 20. Bxf8 Kxf8 21. Nc5 Kg7 22. g5 f5 23. Bxf5 gxf5 24. Qxf5 Qd6 25. Qg4 Be4+ 26. Ka1 Qd5 27. Qxh4 Bg6 28. Qh6+ Kg8 29. h4 Re2 30. h5 Rh2 31. hxg6 Rxh6 32. gxf7+ Kxf7 33. gxh6 Rg8 34. Rge1 Nf6 35. Re5 Qf3 36. Rde1 Re8 37.
Rxe8 Nxe8 38. a4 Qh3 39. Re6 bxa4 40. Rxc6 Nf6 41. Rc7+ Kg6 42. Rc6 Qf1+ 43. Ka2 Qb5 44. d5 Qc4+ 45. Ka3 Qxd5 46. Rc8 Qd6 47. Kxa4 Nd5 48. b4 Nb6+ 49. Kb5 Nxc8 50. Ne4 Qb6+ 51. Kc4 Qc6+ 52. Kd4 Kxh6 53. Nc5 Nb6 54. f5 Qd5+ 55.
Ke3 Nc4+ 56. Kf4 Qe5+ 57. Kg4 Ne3+ 58. Kf3 Nxf5 0-1